 Dungeon Crawl Stone Soup version 0.31-a0-145-g046c7d2549 (webtiles) character file.

Game seed: 1561329675752109356

254 lunkers the Basher (level 6, -2/51 HPs)
             Began as a Meteoran Fighter on June 5, 2023.
             Was a Follower of Lugonu.
             Slain by a bullfrog (3 damage)
             ... on level 6 of the Dungeon on June 6, 2023.
             The game lasted 00:08:06 (1317 turns).

lunkers the Basher (Meteoran Fighter)               Turns: 1317, Time: 00:08:07

Health: -2/51      AC:  9    Str: 20    XL:     6   Next: 65%
Magic:  7/7        EV:  9    Int:  9    God:    Lugonu [*.....]
Gold:   123        SH: 10    Dex: 14    Spells: 5/5 levels left

rFire   . . .        a - +0 flail
rCold   . . .        c - +0 buckler
rNeg    . . .        b - +0 scale mail
rPois   .            (no helmet)
rElec   .            f - +0 cloak
rCorr   .            (no gloves)
SInv    .            n - +0 pair of boots
Will    .....        m - amulet of reflection Stlth
                     (no ring)
HPRegen 0.28/turn    (no ring)
MPRegen 0.10/turn

%: reflection
@: glowing
A: sense surroundings 1, otherworldly, glowing, explore regen
a: Renounce Religion, Depart the Abyss


You were on level 6 of the Dungeon.
You worshipped Lugonu.
Lugonu was aware of your devotion.
You visited 1 branch of the dungeon, and saw 5 of its levels.

You collected 123 gold pieces.

Inventory:

Hand Weapons
 a - a +0 flail (weapon)
Armour
 b - a +0 scale mail (worn)
 c - a +0 buckler (worn)
 f - a +0 cloak (worn)
 n - a +0 pair of boots (worn)
Jewellery
 m - an amulet of reflection (around neck)
Scrolls
 e - a scroll of magic mapping {unknown}
 g - 2 scrolls of teleportation {unknown}
 h - 5 scrolls of identify {unknown}
 i - a scroll of immolation {unknown}
 k - a scroll of amnesia {unknown}
 p - a scroll of enchant armour {unknown}
 q - a scroll of noise {unknown}
 r - a scroll of silence {unknown}
 t - a scroll of poison {unknown}
Potions
 d - 2 potions of might
 j - 2 potions of brilliance {unknown}
 l - a potion of mutation {unknown}
 o - a potion of attraction {unknown}
 s - a potion of degeneration {unknown}


   Skills:
 - Level 3.2 Fighting
 + Level 8.3 Maces & Flails
 - Level 3.6 Armour
 - Level 3.6 Shields


You had 5 spell levels left.
You didn't know any spells.
Your spell library was empty.

Dungeon Overview and Level Annotations

Branches:
Dungeon (7/15) Zot: 1628
 Temple: D:4-7

Altars:
Dithmenos
Hepliaklqana
Uskayaw
Lugonu


Innate Abilities, Weirdness & Mutations

You passively map a small area around you.
You are easily found by Zot.
You glow in the dark.
You regain HP and MP as you explore.


Message History

You feel sick. The killer bee barely misses you.
The bullfrog barely misses you. The killer bee barely misses you.
The bullfrog closely misses you.
Unknown command.
You closely miss the killer bee.
The killer bee is severely wounded.
You feel sick.
You are no longer poisoned.
The killer bee stings you but does no damage.
You block the bullfrog's attack.
The killer bee stings you but does no damage.
Unknown command.
You miss the killer bee.
The killer bee is severely wounded.
The killer bee stings you but does no damage.
The bullfrog hits you!
* * * LOW HITPOINT WARNING * * *
The killer bee stings you.
* * * LOW HITPOINT WARNING * * *
The bullfrog hits you but does no damage.
You sock the killer bee!
You kill the killer bee!
Lugonu accepts your kill. You block the bullfrog's attack.
The bullfrog closely misses you.
Your Maces & Flails skill increases to level 8!
Unknown command.
Unknown command.
You hit the bullfrog.
The bullfrog is lightly wounded.
You block the bullfrog's attack.
Unknown command.
You hit the bullfrog.
The bullfrog is moderately wounded.
The bullfrog hits you!
* * * LOW HITPOINT WARNING * * *
You block the bullfrog's attack.
You sock the bullfrog!
The bullfrog is almost dead.
The bullfrog hits you.
You die...

, * , , , , , # , *
* * #. , , * * ##*.#
* * ,, #.... ###.#.#
* , , ...#.# * , **
#†#F# * , * #.@.# ,
#..#######
#......... ,, *
#..####### # * ,*
### #........ ,.# ,,
....##..###.#.###..#
#.......^###...... ,
####..###.#....... ,
####.....# ##..# * *
*


You could see a bullfrog.

Vanquished Creatures
  A scorpion (D:6)
  A killer bee (D:6)
  Natasha (twice) (D:3)
  An orc wizard (D:6)
  2 adders
  A worm (D:2)
  4 orcs
  6 bats
  4 endoplasms
  3 giant cockroaches (D:1)
  3 goblins
  4 hobgoblins
  8 jackals
  2 quokkas (D:2)
  6 ball pythons
  A frilled lizard (D:3)
  A kobold (D:1)
  4 rats (D:1)
54 creatures vanquished.

Notes
Turn   | Place    | Note
-------+----------+-------------------------------------------
     0 | D:1      | lunkers the Meteoran Fighter began the quest for the Orb.
     0 | D:1      | Reached XP level 1. HP: 19/19 MP: 2/2
    51 | D:1      | Reached skill level 3 in Maces & Flails
    66 | D:1      | Reached XP level 2. HP: 25/26 MP: 3/3
   149 | D:1      | Reached skill level 4 in Maces & Flails
   214 | D:1      | Reached XP level 3. HP: 31/31 MP: 4/4
   362 | D:2      | Found a shadowy altar of Dithmenos.
   480 | D:2      | Reached skill level 5 in Maces & Flails
   523 | D:2      | Reached XP level 4. HP: 34/38 MP: 5/5
   745 | D:3      | Found a faded altar of an unknown god.
   753 | D:3      | Prayed at the altar of an unknown god.
   753 | D:3      | Became a worshipper of Lugonu the Unformed
   753 | D:3      | Reached * piety under Lugonu
   974 | D:3      | Noticed Natasha
   985 | D:3      | Killed Natasha
   986 | D:3      | Reached skill level 6 in Maces & Flails
   986 | D:3      | Reached XP level 5. HP: 30/45 MP: 6/6
  1008 | D:3      | Noticed Natasha
  1023 | D:3      | Killed Natasha
  1026 | D:3      | You fall into a shaft and drop 3 floors!
  1039 | D:6      | Found a hazy altar of Hepliaklqana.
  1049 | D:6      | Reached skill level 7 in Maces & Flails
  1049 | D:6      | Reached XP level 6. HP: 41/51 MP: 7/7
  1166 | D:6      | Found a hide-covered altar of Uskayaw.
  1315 | D:6      | Reached skill level 8 in Maces & Flails
  1316 | D:6      | HP: 1/51 [bullfrog (7)]
  1317 | D:6      | Slain by a bullfrog

Illustrated notes

Levels and vault maps discovered:
D:1:      psy_arrival_radial01, layout_loops_ring
D:2:      layout_rooms, basic_altar, minmay_misc_feat_rugged
D:3:      layout_loops_ring, hellmonk_ecumenical_altar_zigzags,
          minmay_crystal_water, uniq_natasha
D:6:      layout_loops_ring, mainiacjoe_overflow_catwalk, kennysheep_mini
D:7:      layout_basic, nicolae_dithmenos_shadow_blocks,
          minmay_temple_entry_glass, minmay_stone_trees_small,
          nicolae_nh_ransacked_shop

Skill      XL: |  1  2  3  4  5  6 |
---------------+-------------------+-----
Maces & Flails | 3 4 5 6 7 8 |  8.3
Fighting       | |  3.2
Armour         | |  3.6
Shields        | |  3.6

Action                     |  1- 3 |  4- 6 || total
---------------------------+-------+-------++-------
  Melee: Flail             |    84 |    96 ||   180
 Armour: Scale mail        |    32 |    46 ||    78
  Dodge: Dodged            |    32 |    22 ||    54
  Block: Buckler           |    39 |    55 ||    94

Table legend: (Time is in decaauts)
 A = Elapsed time spent in this place.
 B = Non-inter-level travel time spent in this place.
 C = Inter-level travel time spent in this place.
 D = Time resting spent in this place.
 E = Time spent auto-exploring this place.
 F = Levels seen in this place.
 G = Mean time per level.
                   A        B        C        D        E       F      G
               +--------+--------+--------+--------+--------+-----+--------+
         Total |   1370 |   1365 |      5 |      0 |      0 |   5 |  274.0 |
       Dungeon |   1370 |   1365 |      5 |      0 |      0 |   5 |  274.0 |
               +--------+--------+--------+--------+--------+-----+--------+

Top non-repeatable levels by time:
     D:3: 446 daAuts
     D:1: 373 daAuts
     D:6: 283 daAuts
     D:2: 257 daAuts
     D:7: 9 daAuts
